 Dungeon Crawl Stone Soup version 0.28.0-1-gb440e238dd (webtiles) character file.

Game seed: 4120678889831156399

3670 Peloso the Carver (level 9, 0/80 (81) HPs)
             Began as a Minotaur Fighter on Feb 24, 2022.
             Slain by a two-headed ogre (14 damage)
             ... on level 8 of the Dungeon.
             The game lasted 00:16:42 (8668 turns).

Peloso the Carver (Minotaur Fighter)                Turns: 8668, Time: 00:16:42

HP:   0/80 (81)     AC: 18    Str: 23    XL:     9   Next: 89%
MP:   8/8           EV:  8    Int:  5    God:
Gold: 333           SH:  5    Dex: 12    Spells: 8/8 levels left

rFire   . . .      SeeInvis .   a - +2 falchion (flame)
rCold   . . .      Faith    .   c - +0 buckler
rNeg    . . .      Spirit   .   C - +0 plate armour
rPois   .          Reflect  .   (helmet restricted)
rElec   .          Harm     .   t - +1 cloak
rCorr   .          Rampage  .   q - +0 pair of gloves
Will    .....                   (no boots)
Stlth   ..........              (no amulet)
HPRegen 0.23/turn               (no ring)
MPRegen 0.11/turn               (no ring)

@: lightly drained
A: horns 2, retaliatory headbutt
a: no special abilities


You were on level 8 of the Dungeon.
You visited 2 branches of the dungeon, and saw 9 of its levels.

You collected 417 gold pieces.
You spent 84 gold pieces at shops.

Inventory:

Hand Weapons
 a - a +2 falchion of flaming (weapon)
 b - a +0 demon trident of flaming
Armour
 c - a +0 buckler (worn)
 k - a +0 cloak
 q - a +0 pair of gloves (worn)
 t - a +1 cloak (worn)
 A - a +0 scale mail
 C - a +0 plate armour (worn)
Jewellery
 z - a ring of positive energy
 G - a +6 ring of dexterity
Wands
 x - a wand of flame (12)
 E - a wand of acid (3)
Scrolls
 d - a scroll of fear
 e - 4 scrolls of identify
 h - a scroll of fog {unknown}
 j - 5 scrolls of teleportation {unknown}
 n - 2 scrolls of enchant armour {unknown}
 p - a scroll of amnesia {unknown}
 r - a scroll of brand weapon {unknown}
 u - a scroll of noise
 v - a scroll of magic mapping
 y - a scroll of holy word {unknown}
 F - a scroll of summoning {unknown}
Potions
 f - a potion of mutation
 g - 2 potions of attraction {unknown}
 i - 3 potions of haste {unknown}
 l - 4 potions of curing {unknown}
 m - a potion of invisibility {unknown}
 o - 2 potions of flight {unknown}
 s - a potion of berserk rage {unknown}
 w - 2 potions of heal wounds {unknown}
 B - a potion of brilliance {unknown}
 D - a potion of cancellation {unknown}


   Skills:
 + Level 8.0 Fighting
 + Level 11.0 Long Blades
 + Level 9.3 Armour
 + Level 4.3 Dodging
 + Level 1.4 Stealth
 + Level 5.8 Shields
 + Level 0.2 Evocations


You had 8 spell levels left.
You didn't know any spells.
Your spell library contained the following spells:

 Spells                   Type           Power      Damage    Failure   Level
 Beastly Appendage        Tmut           0%         N/A       100%        1
 Freeze                   Ice            0%         1d3       100%        1
 Sandblast                Erth           0%         2d4       100%        1
 Passwall                 Tmut/Erth      0%         N/A       100%        2
 Wereblood                Tmut           0%         N/A       100%        2
 Ignite Poison            Fire/Tmut/Pois 0%         N/A       100%        3
 Mephitic Cloud           Conj/Pois/Air  0%         N/A       100%        3
 Spider Form              Tmut/Pois      0%         N/A       100%        3
 Stone Arrow              Conj/Erth      0%         3d7       100%        3
 Animate Armour           Summ/Erth      0%         N/A       100%        4
 Blade Hands              Tmut           0%         N/A       100%        5
 Freezing Cloud           Conj/Ice/Air   0%         6-21      100%        5
 Iron Shot                Conj/Erth      0%         9d1       100%        6
 Statue Form              Tmut/Erth      0%         N/A       100%        6


Dungeon Overview and Level Annotations

Branches:
Dungeon (8/15)             Temple (1/1) D:5
   Lair: D:8-11

Altars:
Dithmenos
Elyvilon
Fedhas
Hepliaklqana
Kikubaaqudgha
Makhleb
Nemelex Xobeh
Ru
Sif Muna
Trog
Uskayaw
Vehumet
Wu Jian
Xom
Zin
The Shining One

Shops:
D:4 ?   D:8 (

Annotations:
D:6 2 transporters, Eitelfritz's ghost, novice HOFi


Innate Abilities, Weirdness & Mutations

You have a pair of horns on your head.
You reflexively headbutt those who attack you in melee.


Message History

Unknown command.
You hit the wight. You burn the wight. You headbutt the wight!
The wight is severely damaged.
Unknown command.
You hit the wight but do no damage. You headbutt the wight.
The wight is severely damaged.
The wight closely misses you. You furiously retaliate!
You headbutt the wight!
You destroy the wight!
Unknown command.
You slash the two-headed ogre! You burn the two-headed ogre.
The two-headed ogre is moderately wounded.
The two-headed ogre hits you with a +0 giant spiked club!!
The two-headed ogre hits you with a +0 giant spiked club!
Unknown command.
You slash the two-headed ogre! You burn the two-headed ogre.
Your headbutt misses the two-headed ogre.
The two-headed ogre is heavily wounded.
Unknown command.
You hit the two-headed ogre but do no damage.
The two-headed ogre is heavily wounded.
The two-headed ogre hits you with a +0 giant spiked club!
* * * LOW HITPOINT WARNING * * *
The two-headed ogre hits you with a +0 giant spiked club!
* * * LOW HITPOINT WARNING * * *
Unknown command.
You hit the two-headed ogre. You burn the two-headed ogre.
You headbutt the two-headed ogre!
The two-headed ogre is severely wounded.
Unknown command.
You barely miss the two-headed ogre.
The two-headed ogre is severely wounded.
The two-headed ogre barely misses you. You furiously retaliate!
You headbutt the two-headed ogre.
The two-headed ogre hits you with a +0 giant spiked club.
* * * LOW HITPOINT WARNING * * *
Unknown command.
You hit the two-headed ogre but do no damage.
The two-headed ogre is severely wounded.
The two-headed ogre hits you with a +0 giant spiked club!
You die...

#.# #.# #.# ####.#
.# . ##....#####
##.##.
#.........#####.....
#....####.....#.....
......#)##
#####.#..... .####
#@# #.#..... #O#
#.###### #...#
#....... #.#.#
#######. #...## #.
#.. . #. ....♣. #.
### .... .. #. #.#
>... ## ##


You could see a two-headed ogre.

Vanquished Creatures
  9 yaks
  An acid dragon (D:8)
  2 water moccasins
  2 orc warriors
  4 ogres
  2 phantoms (D:6)
  A centaur (D:7)
  A bullfrog (D:6)
  A wyvern zombie (D:8)
  4 scorpions
  5 wights (D:8)
  3 killer bees (D:6)
  A jelly (D:5)
  A hound (D:6)
  A centaur skeleton (D:3)
  2 bullfrog skeletons
  Crazy Yiuf (D:3)
  Jessica (D:2)
  An iguana (D:7)
  Natasha (D:2)
  An orc wizard (D:6)
  A howler monkey zombie (D:5)
  Robin (D:2)
  7 gnolls
  5 adders
  2 shadow imps
  A white imp (D:6)
  An adder skeleton (D:4)
  5 worms
  5 dart slugs
  13 orcs
  9 ball pythons
  8 endoplasms
  3 giant cockroaches
  12 goblins
  9 hobgoblins
  18 jackals
  2 quokkas
  5 bats
  2 frilled lizards (D:1)
  5 kobolds
  6 rats
165 creatures vanquished.

Vanquished Creatures (others)
  6 plants (D:5)
6 creatures vanquished.

Grand Total: 171 creatures vanquished

Notes
Turn   | Place    | Note
-------+----------+-------------------------------------------
     0 | D:1      | Peloso the Minotaur Fighter began the quest for the Orb.
     0 | D:1      | Reached XP level 1. HP: 19/19 MP: 0/0
   174 | D:1      | Reached XP level 2. HP: 26/27 MP: 1/1
   374 | D:1      | Reached XP level 3. HP: 33/33 MP: 2/2
   613 | D:1      | Reached skill level 3 in Long Blades
   796 | D:2      | Noticed Robin
   823 | D:2      | Killed Robin
   824 | D:2      | Reached skill level 1 in Dodging
  1061 | D:2      | Noticed Jessica
  1072 | D:2      | Killed Jessica
  1073 | D:2      | Reached XP level 4. HP: 20/40 MP: 3/3
  1228 | D:2      | Got the Guide on Congealing Clay
  2037 | D:3      | Noticed Natasha
  2052 | D:2      | Killed Natasha
  2053 | D:2      | Reached skill level 4 in Long Blades
  2053 | D:2      | Reached XP level 5. HP: 45/47 MP: 4/4
  2626 | D:3      | Found a runed translucent door.
  2627 | D:3      | Noticed Crazy Yiuf
  2846 | D:3      | Killed Crazy Yiuf
  2847 | D:3      | Reached skill level 5 in Fighting
  2983 | D:4      | Noticed an ogre
  3038 | D:5      | Entered Level 5 of the Dungeon
  3076 | D:5      | Noticed an ogre
  3095 | D:5      | Killed an ogre
  3096 | D:5      | Reached skill level 5 in Long Blades
  3096 | D:5      | Reached XP level 6. HP: 4/56 MP: 5/5
  3643 | D:5      | Noticed a yak
  3643 | D:5      | Noticed a yak
  3644 | D:5      | Noticed a yak
  3644 | D:5      | Noticed a yak
  3646 | D:5      | Noticed a yak
  3664 | D:4      | Killed a yak
  3665 | D:4      | Reached skill level 6 in Long Blades
  3665 | D:4      | Reached skill level 5 in Armour
  3665 | D:4      | Reached XP level 7. HP: 40/62 MP: 6/6
  4834 | D:4      | Found Luufryif's Magic Scroll Shoppe.
  4837 | D:4      | Bought a scroll of noise for 13 gold pieces
  4837 | D:4      | Bought a scroll of magic mapping for 45 gold pieces
  4837 | D:4      | Bought a scroll of identify for 26 gold pieces
  5067 | D:5      | Reached skill level 7 in Long Blades
  5667 | D:5      | Reached XP level 8. HP: 39/70 MP: 7/7
  5842 | D:5      | Found a staircase to the Ecumenical Temple.
  5853 | Temple   | Entered the Ecumenical Temple
  6194 | D:5      | Reached skill level 8 in Long Blades
  6213 | D:5      | Reached skill level 5 in Shields
  6219 | D:5      | Reached skill level 9 in Long Blades
  6600 | D:6      | Reached XP level 9. HP: 79/79 MP: 8/8
  6668 | D:6      | Found a transporter.
  6684 | D:6      | Reached skill level 1 in Stealth
  6771 | D:6      | Noticed Eitelfritz's ghost (novice HOFi)
  6962 | D:6      | Found a transporter.
  7796 | D:7      | Noticed a cyclops
  8009 | D:8      | Reached skill level 10 in Long Blades
  8304 | D:8      | Found Plog's Antique Weapon Emporium.
  8643 | D:8      | Noticed a two-headed ogre
  8660 | D:8      | Reached skill level 11 in Long Blades
  8668 | D:8      | Slain by a two-headed ogre

Illustrated notes

Levels and vault maps discovered:
D:1:      lightli_molten_gateway, layout_loops_ring, minmay_fountain_box
D:2:      layout_basic, roderic_lattice_a, kennysheep_generic_room_10,
          uniq_jessica, uniq_robin
D:3:      layout_rooms, minivault_19, uniq_natasha, uniq_crazy_yiuf_cottage
D:4:      layout_cave_pods, serial_shops, kennysheep_mini_moat, dk_vineyard_1,
          amcnicky_mini_rare_corridor_liquid
D:5:      layout_loops_corners, minmay_temple_entry_overgrown,
          serial_bayou_pond_d
D:6:      layout_basic, gammafunk_ghost_stat_death
D:7:      minmay_opposing_rooms, layout_rooms, uniq_duvessa
D:8:      layout_loops_ring, serial_co_window_serial, co_window_corner_a,
          co_window_corner_a, co_window_paths_b, co_window_paths_b,
          co_window_paths_a, co_window_of_opportunity_a, co_window_cross_1,
          co_window_corner_b, co_window_broadway_a, co_window_corner_b,
          serial_shops, shop, grunt_ministairs_12
Temple:   regret_index_temple_sphere_string

Skill      XL: |  1  2  3  4  5  6  7  8  9 |
---------------+----------------------------+-----
Shields        | 4 5 |  5.8
Armour         | 4 5 6 7 9 |  9.3
Fighting       | 4 5 6 7 8 |  8.0
Long Blades    | 3 4 5 6 7 9 11 | 11.0
Dodging        | 1 2 3 4 |  4.3
Stealth        | 1 |  1.4
Evocations     | |  0.2

Action                   |  1- 3 |  4- 6 |  7- 9 || total
-------------------------+-------+-------+-------++-------
Melee: Long sword        |    89 |   123 |   183 ||   395
       Headbutt          |    10 |    20 |    73 ||   103
       Falchion          |       |       |   109 ||   109
Evoke: Wand              |       |       |     1 ||     1
  Use: Potion            |       |     1 |       ||     1
       Scroll            |       |       |     2 ||     2
Armor: Scale mail        |    65 |    54 |    52 ||   171
       Plate armour      |       |       |    31 ||    31
Dodge: Dodged            |    54 |    48 |    97 ||   199
Block: Buckler           |    38 |    24 |    35 ||    97
